 Dungeon Crawl Stone Soup version 0.29.1-12-g30fa7ad0bf (webtiles) character file.

Game seed: 1281427559814874773

35 Peloso the Shield-Bearer (level 3, 0/33 HPs)
             Began as a Minotaur Fighter on Dec 22, 2022.
             Slain by Robin
             ... wielding a +5 vorpal spear
              (1 damage)
             ... on level 2 of the Dungeon.
             The game lasted 00:01:39 (1266 turns).

Peloso the Shield-Bearer (Minotaur Fighter)         Turns: 1266, Time: 00:01:40

Health: 0/33       AC:  9    Str: 20    XL:     3   Next: 17%
Magic:  2/2        EV:  7    Int:  5    God:
Gold:   66         SH:  4    Dex: 11    Spells: 2/2 levels left

rFire   . . .      SeeInvis .   a - +0 long sword
rCold   . . .      Faith    .   d - +0 buckler
rNeg    . . .      Spirit   .   c - +0 chain mail
rPois   .          Reflect  .   (helmet restricted)
rElec   .          Harm     .   (no cloak)
rCorr   .          Rampage  .   (no gloves)
Will    .....                   (no boots)
Stlth   ..........              (no amulet)
HPRegen 0.11/turn               (no ring)
MPRegen 0.08/turn               (no ring)

@: no status effects
A: horns 2, retaliatory headbutt
a: no special abilities


You were on level 2 of the Dungeon.
You visited 1 branch of the dungeon, and saw 2 of its levels.

You collected 66 gold pieces.

Inventory:

Hand Weapons
 a - a +0 long sword (weapon)
Armour
 b - a +0 scale mail
 c - a +0 chain mail (worn)
 d - a +0 buckler (worn)
Scrolls
 e - 3 scrolls of identify
 i - a scroll of summoning
Potions
 f - a potion of resistance
 g - a potion of might
 h - a potion of heal wounds


   Skills:
 + Level 4.0 Fighting
 + Level 2.6 Long Blades
 + Level 4.2 Armour
 + Level 0.1 Dodging
 + Level 4.2 Shields


You had 2 spell levels left.
You didn't know any spells.
Your spell library contained the following spells:

 Spells                   Type           Power      Damage    Failure   Level
 Blink                    Tloc           0%         N/A       100%        2
 Manifold Assault         Tloc           0%         N/A       100%        5
 Storm Form               Tmut/Air       0%         N/A       100%        7


Dungeon Overview and Level Annotations

Branches:
Dungeon (2/15)

Altars:

Annotations:
D:2 Robin


Innate Abilities, Weirdness & Mutations

You have a pair of horns on your head.
You reflexively headbutt those who attack you in melee.


Message History

You barely miss the goblin. The goblin hits you but does no damage.
You barely miss the goblin. The goblin hits you but does no damage.
Robin hits you but does no damage.
You hit the goblin. Your headbutt misses the goblin.
The goblin is severely wounded.
The goblin barely misses you. Robin hits you but does no damage.
You hit the goblin.
You kill the goblin!
Robin hits you from afar with a +5 vorpal spear. x2
Robin hits you with a +5 vorpal spear.
Items here: )) ††.
You hit Robin but do no damage. You block Robin's attack.
You hit Robin.
Robin is heavily wounded.
The hobgoblin no longer looks unusually strong.
Robin hits you with a +5 vorpal spear.
You closely miss Robin.
Robin is heavily wounded.
The goblin no longer looks unusually strong.
Robin hits you with a +5 vorpal spear.
* * * LOW HITPOINT WARNING * * *
Robin barely misses you. You furiously retaliate!
You headbutt Robin, but do no damage. You hit Robin.
Robin is severely wounded.
The hobgoblin no longer looks unusually strong.
Robin hits you but does no damage.
You hit Robin but do no damage. Your headbutt misses Robin.
Robin is severely wounded.
Robin completely misses you.
You hit Robin but do no damage.
Robin is severely wounded.
Robin hits you with a +5 vorpal spear.
* * * LOW HITPOINT WARNING * * *
x2 Robin roars a battlecry!
The goblins go into a battle-frenzy!
You barely miss Robin.
Robin is severely wounded.
Robin hits you with a +5 vorpal spear.
You die...

#.# #.# #.# #.#
#.# #.# #.#
#.##############.#
#.........@gggg..#
################.#


You could see Robin, 2 hobgoblins and a goblin (strong).

Vanquished Creatures
  A gnoll (D:1)
  A bat (D:1)
  2 endoplasms (D:1)
  4 hobgoblins
  3 kobolds (D:1)
  A quokka (D:1)
  3 ball pythons (D:1)
  A frilled lizard (D:1)
  4 goblins
  4 rats (D:1)
24 creatures vanquished.

Vanquished Creatures (others)
  2 fungi (D:1)
  3 plants (D:1)
5 creatures vanquished.

Grand Total: 29 creatures vanquished

Notes
Turn   | Place    | Note
-------+----------+-------------------------------------------
     0 | D:1      | Peloso the Minotaur Fighter began the quest for the Orb.
     0 | D:1      | Reached XP level 1. HP: 19/19 MP: 0/0
   347 | D:1      | Reached XP level 2. HP: 22/27 MP: 1/1
   538 | D:1      | Found a faded altar of an unknown god.
   602 | D:1      | Reached XP level 3. HP: 24/33 MP: 2/2
  1250 | D:2      | Noticed Robin
  1265 | D:2      | HP: 1/33 [Robin/+5 vorpal spear (2)]
  1266 | D:2      | Slain by Robin

Illustrated notes

Levels and vault maps discovered:
D:1:      lemuel_arrival_funnel, layout_basic,
          shapermc_ecumenical_altar_mp_urbaneastern, minmay_misc_feat_chi
D:2:      layout_basic, basic_altar, kennysheep_generic_room_16, uniq_robin

Skill      XL: |  1  2 |
---------------+-------+-----
Armour         | 4 |  4.2
Shields        | 4 |  4.2
Fighting       | 4 |  4.0
Long Blades    | |  2.6
Dodging        | |  0.1

Action                   || total
-------------------------++-------
Melee: Long sword        ||    61
       Headbutt          ||    15
  Use: Scroll            ||     3
Armor: Scale mail        ||     9
       Chain mail        ||    13
Dodge: Dodged            ||    24
Block: Buckler           ||    12
